 Dungeon Crawl Stone Soup version 0.27-a0-1416-g941b2bd30b (webtiles) character file.

Game seed: 18316794942062370257

39 MrDNA the Sneak (level 3, -10/34 (36) HPs)
             Began as a Troll Delver on July 1, 2021.
             Mangled by a wight (17 damage)
             ... on level 6 of the Dungeon.
             The game lasted 00:01:48 (121 turns).

MrDNA the Sneak (Troll Delver)                       Turns: 121, Time: 00:01:49

HP:   -10/34 (36)   AC:  4    Str: 21    XL:     3   Next: 28%
MP:   2/2           EV: 10    Int:  6    God:
Gold: 0             SH:  0    Dex: 11    Spells: 2/2 levels left

rFire    . . .     SeeInvis .     - Unarmed
rCold    . . .     Faith    .   (no shield)
rNeg     . . .     Spirit   .   a - +0 robe
rPois    .         Reflect  .   (helmet restricted)
rElec    .         Harm     .   (no cloak)
rCorr    .         Rampage  .   (gloves unavailable)
Will     .....                  (boots unavailable)
Stlth    ++........             (no amulet)
HPRegen  1.11/turn              (no ring)
MPRegen  0.08/turn              (no ring)

@: drained
A: large, unfitting armour, claws 3, regeneration 1, shaggy fur 1, tough skin 1
a: no special abilities


You were on level 6 of the Dungeon.
You visited 1 branch of the dungeon, and saw 2 of its levels.

Inventory:

Armour
 a - a +0 robe (worn)
Wands
 f - a wand of digging (3)
Scrolls
 b - a scroll of fog
 c - a scroll of magic mapping
 d - a scroll of fear
Potions
 e - a potion of haste


   Skills:
 + Level 2.6 Fighting
 + Level 1.7 Dodging
 + Level 3.3 Stealth
 - Level 2.0 Unarmed Combat


You had 2 spell levels left.
You didn't know any spells.
Your spell library was empty.

Dungeon Overview and Level Annotations

Branches:
Dungeon (6/15)
 Temple: D:4-7

Altars:


Innate Abilities, Weirdness & Mutations

You are too large for most types of armour.
You have claws for hands.
Your natural rate of healing is unusually fast.
You are covered in fur. (AC +1)
You have tough skin. (AC +1)


Message History

You have reached level 2!
You have reached level 3!
Your experience leads to an increase in your attributes!
Increase (S)trength, (I)ntelligence, or (D)exterity?
You feel stronger. x2
Things that are here:
a +2 short sword; a +0 robe
Okay, then.
You start resting.
HP restored.
A wight comes into view.
It is wielding a +4 trident of freezing.
A wight comes into view. It is wielding a +0 halberd.
A wight comes into view. It is wielding a +0 scimitar.
Found 8 gold pieces.
You start waiting.
A wight is nearby!
The wight hits you with a +4 trident of freezing!
The wight freezes you.
You scratch the wight but do no damage.
The wight hits you with a +4 trident of freezing!
You feel drained. The wight freezes you.
You scratch the wight.
The wight is lightly damaged.
The wight hits you with a +4 trident of freezing.
You feel drained.
* * * LOW HITPOINT WARNING * * *
The wight freezes you.
* * * LOW HITPOINT WARNING * * *
You scratch the wight but do no damage.
The wight is lightly damaged.
The wight hits you with a +4 trident of freezing.
* * * LOW HITPOINT WARNING * * *
The wight freezes you.
* * * LOW HITPOINT WARNING * * *
You closely miss the wight.
The wight is lightly damaged.
The wight misses you.
The wight hits you from afar with a +4 trident of freezing!
Ouch! That really hurt!
You die...

#...+......z#
#.###.[..z.z+
#.##........#
#.##........#
#.#..######z#
#...........#
#########..z.######
#......#...#.#
#.####.#.#@#.# #.#
#.#.#.#.# #.#
#...#<#.#
#.##########.#
#.....)......#
##############


You could see a wight.

Vanquished Creatures
  A wight (D:6)
1 creature vanquished.

Notes
Turn   | Place    | Note
-------+----------+-------------------------------------------
     0 | D:5      | MrDNA the Troll Delver began the quest for the Orb.
     0 | D:5      | Reached XP level 1. HP: 22/22 MP: 0/0
     7 | D:5      | Noticed a scorpion
    19 | D:6      | Noticed a wight
    43 | D:6      | Killed a wight
    44 | D:6      | Reached skill level 3 in Stealth
    44 | D:6      | Reached XP level 2. HP: 20/29 MP: 1/1
    44 | D:6      | Reached XP level 3. HP: 25/36 MP: 2/2
   121 | D:6      | Mangled by a wight

Illustrated notes

Levels and vault maps discovered:
D:5:      layout_cave_pools, kennysheep_little_box, nicolae_inconvenience_store,
          uniq_edmund
D:6:      layout_basic, lemuel_doored_altar

Skill      XL: |  1 |
---------------+----+-----
Stealth        | 3 |  3.3
Fighting       | |  2.6
Dodging        | |  1.7
Unarmed Combat | |  2.0

Action                   || total
-------------------------++-------
Melee: Unarmed           ||    11
Dodge: Dodged            ||     2

Table legend: (Time is in decaauts)
 A = Elapsed time spent in this place.
 B = Non-inter-level travel time spent in this place.
 C = Inter-level travel time spent in this place.
 D = Time resting spent in this place.
 E = Time spent auto-exploring this place.
 F = Levels seen in this place.
 G = Mean time per level.
                   A        B        C        D        E       F      G
               +--------+--------+--------+--------+--------+-----+--------+
         Total |    120 |    120 |      0 |     14 |     33 |   2 |   60.0 |
       Dungeon |    120 |    120 |      0 |     14 |     33 |   2 |   60.0 |
               +--------+--------+--------+--------+--------+-----+--------+

Top non-repeatable levels by time:
     D:6: 106 daAuts
     D:5: 14 daAuts
